 Dungeon Crawl Stone Soup version 0.30.0-5-g1a98f26d00 (webtiles) character file.

Game seed: 7219742115741222540

641 Anandil the Trooper (level 7, 0/43 (56) HPs)
             Began as a Demonspawn Monk on May 11, 2023.
             Was a Follower of Ru.
             Slain by Duvessa
             ... wielding a +5 short sword of draining
              (16 damage)
             ... on level 5 of the Dungeon.
             The game lasted 00:08:38 (5126 turns).

Anandil the Trooper (Demonspawn Monk)               Turns: 5126, Time: 00:08:38

HP:   0/43 (56)     AC: 11    Str: 13    XL:     7   Next: 26%
MP:   0/7           EV:  9    Int: 11    God:    Ru [*.....]
Gold: 282           SH:  5    Dex: 16    Spells: 6/6 levels left

rFire   + . .        a - +0 hand axe
rCold   . . .        p - +0 buckler
rNeg    . . .        e - +0 scale mail
rPois   .            s - +1 hat
rElec   .            (no cloak)
rCorr   .            j - +0 pair of gloves
SInv    .            (no boots)
Will    .....        y - amulet of guardian spirit Stlth
                     d - ring of protection from fire
HPRegen 0.27/turn    (no ring)
MPRegen 0.10/turn

%: guardian spirit
@: heavily drained
A: yellow scales 2, spiny 2, no fire magic, no necromancy magic, no
transmutations magic, demonic touch 1
a: Renounce Religion


You were on level 5 of the Dungeon.
You worshipped Ru.
Ru was aware of your devotion.
You visited 2 branches of the dungeon, and saw 6 of its levels.

You collected 282 gold pieces.

Inventory:

Hand Weapons
 a - a +0 hand axe (weapon)
Missiles
 w - 2 atropa-tipped darts (quivered)
Armour
 e - a +0 scale mail (worn)
 j - a +0 pair of gloves (worn)
 p - a +0 buckler (worn)
 s - a +1 hat (worn)
Jewellery
 d - a ring of protection from fire (left hand)
 v - an amulet of faith
 y - an amulet of guardian spirit (around neck)
Wands
 o - a wand of iceblast (11)
Scrolls
 f - 2 scrolls of teleportation
 i - a scroll of poison {unknown}
 k - a scroll of blinking {unknown}
 m - a scroll of immolation {unknown}
 q - 2 scrolls of identify {unknown}
 t - a scroll of amnesia {unknown}
 u - a scroll of silence {unknown}
 x - a scroll of magic mapping {unknown}
Potions
 c - 2 potions of ambrosia
 g - 2 potions of heal wounds {unknown}
 h - a potion of might {unknown}
 l - a potion of degeneration {unknown}
 n - a potion of resistance {unknown}
 r - 2 potions of flight {unknown}


   Skills:
 + Level 5.0 Fighting
 + Level 4.6 Axes
 + Level 3.0 Armour
 - Level 3.2 Dodging
 + Level 2.8 Shields


You had 6 spell levels left.
You didn't know any spells.
Your spell library contained the following spells:

 Spells                   Type           Power      Damage    Failure   Level
 Summon Hydra             Summ           0%         N/A       100%        7
 Necrotise                Necr           Unusable   1d4       N/A         1
 Sublimation of Blood     Necr           Unusable   N/A       N/A         2
 Wereblood                Tmut           Unusable   N/A       N/A         2
 Vampiric Draining        Necr           Unusable   2d6       N/A         3
 Agony                    Necr           Unusable   N/A       N/A         5

Dungeon Overview and Level Annotations

Branches:
Dungeon (5/15)             Temple (1/1) D:5

Altars:
Cheibriados
Dithmenos
Fedhas
Hepliaklqana
Kikubaaqudgha
Makhleb
Nemelex Xobeh
Qazlal
Ru
Sif Muna
Vehumet
Wu Jian
Xom
Yredelemnul

Annotations:
D:5 Duvessa


Innate Abilities, Weirdness & Mutations

You are mostly covered in yellow scales. (AC +3)
You are mostly covered in sharp spines.
You cannot study or cast Fire magic.
You cannot study or cast Necromancy magic.
You cannot study or cast Transmutations magic.
Your touch may inflict minor irresistible damage on your foes.


Message History

You hit Duvessa but do no damage.
Duvessa is moderately wounded.
Duvessa misses you.
Duvessa hits you with a +5 short sword of draining.
You feel drained.
Unknown command.
You barely miss Duvessa.
Duvessa is moderately wounded.
Duvessa hits you with a +5 short sword of draining!
You feel drained.
Unknown command.
You hit Duvessa but do no damage.
Duvessa is moderately wounded.
Duvessa barely misses you. Duvessa hits you but does no damage.
You feel drained.
You hit Duvessa but do no damage.
Duvessa is moderately wounded.
You block Duvessa's attack.
Duvessa hits you with a +5 short sword of draining!
You feel drained.
You hit Duvessa but do no damage.
Duvessa is moderately wounded.
You are no longer glowing.
You block Duvessa's attack. x2
Unknown command.
It was a potion of curing.
You feel better. Duvessa completely misses you.
You barely miss Duvessa.
Duvessa is moderately wounded.
Duvessa hits you with a +5 short sword of draining!
* * * LOW HITPOINT WARNING * * *
You feel drained. You block Duvessa's attack.
Unknown command.
You feel better. Duvessa is struck by your spines.
Duvessa hits you but does no damage.
You feel drained.
Okay, then.
You barely miss Duvessa.
Duvessa is heavily wounded.
Duvessa is struck by your spines.
Duvessa hits you with a +5 short sword of draining!!
You die...

########.####..##
#..........# #..........#
#........#. ........#.#
.......#.# #.#....#.#
########)#......########
...............e@......#
########.#....P)######.#
#.###....# #.# #.#
#....######.#
#######.###....##.....#
...............##.###########
...............##.#.........#
............._.##.#.#######.#
...............##.#.......#.#


You could see Duvessa (berserk, fast).

Vanquished Creatures
  Dowan (D:5)
  A howler monkey (D:5)
  2 hounds
  An orc priest (D:4)
  2 iguanas
  A sleepcap (D:4)
  2 orc wizards (D:3)
  6 adders
  4 gnolls (D:3)
  A shadow imp (D:5)
  9 white imps (D:4)
  7 ufetubi
  3 worms
  2 dart slugs
  28 orcs
  10 ball pythons
  5 bats
  8 endoplasms
  5 giant cockroaches
  5 goblins
  4 hobgoblins
  4 quokkas
  4 frilled lizards
  3 kobolds (D:1)
  5 rats
123 creatures vanquished.

Vanquished Creatures (others)
  A kobold (D:4)
1 creature vanquished.

Grand Total: 124 creatures vanquished

Notes
Turn   | Place    | Note
-------+----------+-------------------------------------------
     0 | D:1      | Anandil the Demonspawn Monk began the quest for the Orb.
     0 | D:1      | Reached XP level 1. HP: 18/18 MP: 1/1
   271 | D:1      | Gained mutation: You are partially covered in sharp spines.
                  | [demonic ancestry]
   271 | D:1      | Reached XP level 2. HP: 19/24 MP: 2/2
   311 | D:1      | Found a faded altar of an unknown god.
  1020 | D:2      | Gained mutation: You are mostly covered in sharp spines.
                  | [demonic ancestry]
  1020 | D:2      | Reached XP level 3. HP: 14/29 MP: 3/3
  2012 | D:3      | Gained mutation: Your touch may inflict minor irresistible
                  | damage on your foes. [demonic ancestry]
  2012 | D:3      | Reached XP level 4. HP: 32/37 MP: 4/4
  2164 | D:3      | Reached skill level 1 in Armour
  2304 | D:3      | Found a radiant altar of Vehumet.
  2399 | D:3      | Reached skill level 4 in Fighting
  2455 | D:3      | Found a hazy altar of Hepliaklqana.
  2477 | D:3      | Reached skill level 1 in Shields
  2489 | D:3      | Found a snail-covered altar of Cheibriados.
  2507 | D:3      | Gained mutation: You are partially covered in yellow
                  | scales. (AC +2) [demonic ancestry]
  2507 | D:3      | Reached XP level 5. HP: 35/42 MP: 5/5
  3094 | D:4      | Gained mutation: You are mostly covered in yellow scales.
                  | (AC +3) [demonic ancestry]
  3094 | D:4      | Reached XP level 6. HP: 30/49 MP: 6/6
  4116 | D:4      | Found a blossoming altar of Fedhas.
  4116 | D:4      | Found a basalt altar of Yredelemnul.
  4211 | D:5      | Entered Level 5 of the Dungeon
  4211 | D:5      | Noticed Duvessa
  4211 | D:5      | Noticed Dowan
  4326 | D:5      | Found a staircase to the Ecumenical Temple.
  4334 | Temple   | Entered the Ecumenical Temple
  4391 | Temple   | Became a worshipper of Ru the Awakened
  4394 | Temple   | Gained mutation: You cannot study or cast Fire magic. [Ru
                  | sacrifice]
  4394 | Temple   | Gained mutation: You cannot study or cast Transmutations
                  | magic. [Ru sacrifice]
  4394 | Temple   | Gained mutation: You cannot study or cast Necromancy magic.
                  | [Ru sacrifice]
  4394 | Temple   | Reached * piety under Ru
  4771 | D:5      | Reached XP level 7. HP: 51/55 MP: 7/7
  4970 | D:5      | Found a stormy altar of Qazlal.
  5116 | D:5      | Killed Dowan
  5117 | D:5      | Reached skill level 5 in Fighting
  5126 | D:5      | Slain by Duvessa

Illustrated notes

Levels and vault maps discovered:
D:1:      dpeg_arrival_circle_labyrinth_b, layout_rooms,
          ebering_ecumenical_altar_webs
D:2:      layout_loops_corners
D:3:      layout_loops_ring, mainiacjoe_overflow_concentric_impassable,
          mainiacjoe_overflow_catwalk, mainiacjoe_overflow_small_starburst,
          hangedman_abyss_or_decor_stabs, chequers_serial_rivers_micro_b,
          chequers_mini_garden, serial_park_tiny_2, kennysheep_generic_room_15
D:4:      layout_cave_pools, gammafunk_temple_overflow_wave, serial_demonic,
          serial_demonic_f, serial_demonic_a, serial_demonic_e,
          serial_demonic_d, serial_demonic_a, serial_demonic_d,
          serial_demonic_e, serial_demonic_b, minivault_27,
          guppyfry_early_lair_pool, uniq_crazy_yiuf_cottage
D:5:      layout_basic, mainiacjoe_overflow_boulevard, elyvilon_altar_5,
          minmay_temple_entry_arrows, uniq_duvessa
Temple:   hellmonk_temple_beads

Skill      XL: |  1  2  3  4  5  6  7 |
---------------+----------------------+-----
Dodging        | 3 |  3.2
Axes           | 3 4 |  4.6
Armour         | 1 2 3 |  3.0
Fighting       | 4 5 |  5.0
Shields        | 1 2 |  2.8

Action                     |  1- 3 |  4- 6 |  7- 9 || total
---------------------------+-------+-------+-------++-------
  Melee: Hand axe          |    73 |   156 |    23 ||   252
 Invoke: Sacrifice Arcana  |       |     1 |       ||     1
    Use: Scroll            |       |     2 |       ||     2
         Potion            |       |       |     2 ||     2
 Armour: Leather armour    |    13 |       |       ||    13
         Ring mail         |     4 |    37 |       ||    41
         Scale mail        |       |    32 |     7 ||    39
  Dodge: Dodged            |    26 |    69 |     7 ||   102
  Block: Buckler           |       |    39 |     6 ||    45
